 Dungeon Crawl Stone Soup version 0.21.0 (webtiles) character file.

6676 Blackhawk the Cleaver (level 10, -6/94 HPs)
             Began as a Minotaur Berserker on May 31, 2018.
             Was a High Priest of Trog.
             Mangled by a troll (9 damage)
             ... on level 9 of the Dungeon on June 25, 2018.
             The game lasted 00:29:47 (9162 turns).

Blackhawk the Cleaver (Minotaur Berserker)          Turns: 9162, Time: 00:29:48

Health: -6/94      AC:  8    Str: 25    XL:     10   Next: 73%
Magic:  3/3        EV: 14    Int:  4    God:    Trog [*****.]
Gold:   530        SH:  0    Dex: 10    Spells: 9/9 levels left

rFire    + . .     SeeInvis .   P - +2 battleaxe (antimagic)
rCold    . . .     Gourm    .   (shield currently unavailable)
rNeg     . . .     Faith    .   j - +1 ring mail
rPois    .         Spirit   .   (helmet restricted)
rElec    .         Reflect  .   (no cloak)
rCorr    .         Harm     .   (no gloves)
MR       +....     Rnd*Rage +   (no boots)
Stlth    +.........             (no amulet)
HPRegen  0.25/turn              p - +3 ring of evasion
MPRegen  0.08/turn              H - ring of protection from magic

@: no status effects
A: retaliatory headbutt, horns 2, berserk 1, fire resistance 1
a: Berserk, Trog's Hand, Brothers in Arms, Burn Spellbooks, Renounce Religion


You were on level 9 of the Dungeon.
You worshipped Trog.
Trog was extremely pleased with you.
You were not hungry.

You visited 1 branch of the dungeon, and saw 10 of its levels.

You collected 530 gold pieces.

Inventory:

Hand Weapons
 a - a +0 mace
 n - a +3 hand axe of flaming
 u - a +0 hand crossbow
 P - a +2 antimagic battleaxe (weapon)
Armour
 j - a +1 ring mail (worn)
Jewellery
 p - a +3 ring of evasion (left hand)
 x - the ring "Ytta" {rC+ MP+9, unknown}
   (You took it off an orc warrior on level 9 of the Dungeon)

   [ring of protection from cold]

   It protects you from cold.
   It affects your magic capacity (+9).
 y - an uncursed ring of positive energy {unknown}
 C - a +1 ring of protection
 G - a +4 ring of dexterity
 H - a ring of protection from magic (right hand)
 I - an uncursed ring of poison resistance
Wands
 b - a wand of flame (59)
 o - a wand of acid (3)
 z - a wand of random effects (17)
 E - a wand of disintegration (12)
 M - a wand of paralysis (34)
 O - a wand of polymorph (16)
Scrolls
 e - 2 scrolls of fear
 f - 2 scrolls of blinking
 g - 2 scrolls of magic mapping
 h - 10 scrolls of remove curse
 l - 2 scrolls of fog
 r - a scroll of vulnerability {unknown}
 s - 8 scrolls of identify
 B - a scroll of enchant weapon
 L - a scroll of teleportation
Potions
 d - 4 potions of curing
 i - a potion of resistance {unknown}
 m - 3 potions of lignification
 t - a potion of cancellation {unknown}
 v - a potion of ambrosia {unknown}
 A - 3 potions of haste
 D - 5 potions of degeneration {unknown}
 J - a potion of flight {unknown}
 Q - 2 potions of agility {unknown}
Books
 q - a book of Misfortune

   Spells                             Type                      Level
   a - Confusing Touch                Hexes                        1
   b - Confuse                        Hexes                        3
   c - Gell's Gravitas                Translocation                3
   d - Petrify                        Transmutation/Earth          4
   e - Metabolic Englaciation         Hexes/Ice                    5
   f - Yara's Violent Unravelling     Hexes/Transmutation          5
   Trog disapproves of the use of such an item.
 w - a book of Cantrips

   Spells                             Type                      Level
   a - Confusing Touch                Hexes                        1
   b - Animate Skeleton               Necromancy                   1
   c - Summon Small Mammal            Summoning                    1
   d - Apportation                    Translocation                1
   Trog disapproves of the use of such an item.
Comestibles
 c - 20 rations
 F - 7 chunks of flesh


   Skills:
 + Level 10.9 Fighting
 * Level 12.3(12.7) Axes
 - Level 5.3(9.7) Maces & Flails
 + Level 10.2 Armour
 - Level 2.1 Dodging
 - Level 0.6 Stealth


You had 9 spell levels left.
You didn't know any spells.

Dungeon Overview and Level Annotations

Branches:
Dungeon (10/15)            Temple (0/1) D:4
   Lair: D:8-11         Orc: D:9-12

Altars:
Ashenzari
Qazlal
Wu Jian
Xom

Shops:
D:7 [

Annotations:
D:9 1 runed door


Innate Abilities, Weirdness & Mutations

You reflexively headbutt those who attack you in melee.
You have a pair of horns on your head.
You tend to lose your temper in combat.
Your flesh is heat resistant. (rF+)


Message History

The troll is severely wounded.
The troll bites you. The troll closely misses you. The troll claws you.
You barely miss the troll. Your headbutt misses the troll.
The troll is severely wounded.
The troll bites you. The troll claws you but does no damage.
The troll barely misses you.
You barely miss the troll.
The troll is severely wounded.
The troll bites you!
* * * LOW HITPOINT WARNING * * *
The troll claws you.
* * * LOW HITPOINT WARNING * * *
The troll claws you.
* * * LOW HITPOINT WARNING * * *
It was a potion of mutation.
You feel extremely strange.
You feel a little pissed off.
You feel resistant to heat. The troll bites you!
* * * LOW HITPOINT WARNING * * *
The troll claws you!
You die...

......##.#..).#
#....#.##.....#
.####.#.#.....#
##..##.#[.....#
#....##.......#
............(.####
......[)....((...#
#....##..........#############
##..##.#).......@T...........#
.####.#.#...(..).###########.#
#....#.##........# #.#
......##.#))(....# #)#
........#.#)?....# #.#
.........##...#### #.#
...........#..# #.#
.............## #[#
.##.....##...# #.#


You could see a troll.

Vanquished Creatures
  The ghost of elstonelord the Spear-Bearer, a novice MfSk of Okawaru (D:8)
  A kobold demonologist (D:8)
  Grinder (D:3)
  A hippogriff (D:8)
  The ghost of Blackhawk the Stinger, an amateur FeVM of Nemelex Xobeh (D:7)
  A steam dragon (D:8)
  A hungry ghost (D:7)
  2 ice beasts (D:5)
  2 orc warriors
  An eye of draining (D:8)
  3 necrophages
  6 centaurs
  5 ogres
  11 big kobolds
  7 bullfrogs
  2 wyvern skeletons
  4 scorpions
  2 killer bees (D:9)
  3 wights (D:8)
  A howler monkey (D:8)
  7 crimson imps
  3 centaur zombies
  A quasit (D:9)
  6 jellies
  6 hounds
  9 orc wizards
  6 orc priests
  3 iguanas
  7 worker ants
  A hound skeleton (D:5)
  4 gnolls (D:3)
  10 adders
  9 oozes
  3 adder zombies
  6 worms
  6 dart slugs
  6 leopard geckos
  40 orcs
  2 ball pythons
  12 bats
  9 giant cockroaches
  6 goblins
  7 hobgoblins
  6 jackals
  29 kobolds
  A quokka (D:5)
  A ball python zombie (D:5)
  6 frilled lizards
  A jackal skeleton (D:4)
  2 quokka skeletons
  7 rats
  A plant (D:9)
279 creatures vanquished.

Vanquished Creatures (others)
  2 fungi (D:2)
  5 toadstools (D:2)
7 creatures vanquished.

Grand Total: 286 creatures vanquished

Notes
Turn   | Place    | Note
-------+----------+-------------------------------------------
     0 | D:1      | Blackhawk the Minotaur Berserker began the quest for the Orb.
     0 | D:1      | Reached XP level 1. HP: 19/19 MP: 0/0
   151 | D:1      | Reached XP level 2. HP: 27/27 MP: 1/1
   412 | D:1      | Reached XP level 3. HP: 28/33 MP: 2/2
   490 | D:1      | Reached ** piety under Trog
  1050 | D:2      | Reached skill level 5 in Maces & Flails
  1050 | D:2      | Reached XP level 4. HP: 14/41 MP: 3/3
  1061 | D:2      | Reached skill level 5 in Fighting
  1399 | D:2      | Found a stormy altar of Qazlal.
  1467 | D:2      | Reached skill level 1 in Axes
  1467 | D:2      | Reached XP level 5. HP: 38/48 MP: 4/4
  1481 | D:2      | Reached *** piety under Trog
  1697 | D:2      | Reached skill level 2 in Axes
  1823 | D:2      | Reached XP level 6. HP: 43/57 MP: 5/5
  1830 | D:2      | Reached skill level 3 in Axes
  2328 | D:3      | Reached **** piety under Trog
  2389 | D:3      | Found a shimmering altar of Xom.
  2404 | D:3      | Found a shimmering altar of Xom.
  2513 | D:3      | Found a shimmering altar of Xom.
  2514 | D:3      | Found a shimmering altar of Xom.
  2549 | D:3      | Reached skill level 4 in Axes
  2572 | D:3      | Noticed Grinder
  2581 | D:3      | Paralysed by Grinder for 3 turns
  2591 | D:3      | Killed Grinder
  2591 | D:3      | Reached skill level 5 in Axes
  2591 | D:3      | Reached XP level 7. HP: 32/64 MP: 6/6
  3189 | D:4      | Reached skill level 6 in Axes
  3189 | D:4      | Reached skill level 5 in Armour
  3557 | D:4      | Found a stormy altar of Qazlal.
  3557 | D:4      | Found an ornate altar of the Wu Jian Council.
  3571 | D:4      | Found a staircase to the Ecumenical Temple.
  3748 | D:5      | Entered Level 5 of the Dungeon
  4008 | D:5      | Reached XP level 8. HP: 66/71 MP: 7/7
  4063 | D:5      | Reached skill level 7 in Axes
  4118 | D:5      | Reached ***** piety under Trog
  4289 | D:5      | Found a glowing drain.
  4834 | D:6      | Reached skill level 8 in Axes
  5109 | D:6      | Reached XP level 9. HP: 81/81 MP: 8/8
  5294 | D:7      | Noticed Blackhawk's ghost (amateur FeVM)
  5321 | D:7      | Killed Blackhawk's ghost
  5347 | D:7      | HP: 1/123 [wyvern skeleton (9)]
  5914 | D:7      | Found Bysatuda's Armour Emporium.
  5967 | D:7      | Received a gift from Trog
  6223 | D:7      | Paralysed by a crimson imp for 2 turns
  6616 | D:8      | Reached skill level 9 in Axes
  6733 | D:8      | Noticed elstonelord's ghost (novice MfSk)
  6744 | D:8      | Killed elstonelord's ghost
  6744 | D:8      | Reached skill level 10 in Fighting
  6831 | D:8      | Reached skill level 10 in Armour
  6831 | D:8      | Reached XP level 10. HP: 58/93 MP: 3/9
  7280 | D:8      | Reached skill level 10 in Axes
  7577 | D:8      | Reached skill level 11 in Axes
  8016 | D:9      | Found a shimmering altar of Xom.
  8208 | D:9      | Found a runed door.
  8323 | D:9      | Got a wavering bone ring
  8701 | D:9      | Reached skill level 12 in Axes
  8745 | D:9      | Found a shattered altar of Ashenzari.
  8991 | D:9      | Found a runed door.
  9145 | D:10     | Entered Level 10 of the Dungeon
  9162 | D:9      | Gained mutation: You tend to lose your temper in combat. [potion of mutation]
  9162 | D:9      | Gained mutation: Your flesh is heat resistant. (rF+) [potion of mutation]
  9162 | D:9      | HP: 3/94 [troll (8)]
  9162 | D:9      | Mangled by a troll

Skill      XL: |  1  2  3  4  5  6  7  8  9 10 |
---------------+-------------------------------+-----
Fighting       | 4 5 6 8 10 | 10.9
Maces & Flails | 4 5 |  5.3
Axes           | 1 2 5 6 8 9 12 | 12.3
Armour         | 3 4 5 7 10 | 10.2
Dodging        | |  2.1
Stealth        | |  0.6

Action                   |  1- 3 |  4- 6 |  7- 9 | 10-12 || total
-------------------------+-------+-------+-------+-------++-------
Melee: Mace              |    77 |    75 |   246 |       ||   398
       Headbutt          |    15 |    24 |    51 |    24 ||   114
       Hand axe          |       |    43 |       |       ||    43
       Battleaxe         |       |       |    28 |   145 ||   173
Invok: Berserk           |     1 |       |     3 |     3 ||     7
  Use: Scroll            |       |     5 |    14 |     2 ||    21
       Potion            |       |       |     8 |     1 ||     9
  Eat: Chunk             |       |     6 |    12 |     6 ||    24
       Ration            |       |       |     2 |     1 ||     3
Armor: Animal skin       |    27 |       |       |       ||    27
       Ring mail         |       |    19 |    81 |    47 ||   147
       Skin              |       |       |    76 |       ||    76
Dodge: Dodged            |    51 |    84 |   205 |   114 ||   454
